 Dungeon Crawl Stone Soup version 0.19.1 (webtiles) character file.

552 Mefis the Magician (level 7, 0/40 HPs)
             Began as a Deep Elf Wizard on Dec 27, 2016.
             Slain by a sky beast (6 damage)
             ... on level 4 of the Dungeon.
             The game lasted 00:10:17 (5488 turns).

Mefis the Magician (Deep Elf Wizard)                Turns: 5488, Time: 00:10:18

Health: 0/40       AC:  4    Str:  4    XL:     7   Next: 8%
Magic:  9/18       EV: 14    Int: 25    God:
Gold:   243        SH:  0    Dex: 13    Spells: 7 memorised, 4 levels left

rFire  . . .     SeeInvis .     v - +0 dagger (drain)
rCold  . . .     Gourm    .     a - +0 robe
rNeg   . . .     Faith    .     (no shield)
rPois  .         Spirit   .     b - +0 hat
rElec  .         Reflect  .     p - +0 cloak
rCorr  .         Harm     .     o - +0 pair of gloves
MR     .....                    (no boots)
Stlth  +++.......               (no amulet)
                                (no ring)
                                (no ring)

@: very slightly contaminated, repel missiles
A: no striking features
a: no special abilities


You were on level 4 of the Dungeon.
You were hungry.

You visited 1 branch of the dungeon, and saw 5 of its levels.

You collected 243 gold pieces.

Inventory:

Hand Weapons
 k - a +0 dagger
 t - a +0 hunting sling
 v - a +0 dagger of draining (weapon)
Missiles
 l - 39 poisoned needles
 r - 87 sling bullets
Armour
 a - a +0 robe (worn)
 b - a +0 hat (worn)
 o - a +0 pair of gloves (worn)
 p - a +0 cloak (worn)
Jewellery
 h - an uncursed ring of fire {unknown}
Scrolls
 e - a scroll of recharging {unknown}
 g - a scroll of enchant weapon {unknown}
 j - 4 scrolls of identify {unknown}
 m - 3 scrolls of remove curse
 s - a scroll of enchant armour {unknown}
 u - a scroll of fog {unknown}
 y - 2 scrolls of teleportation {unknown}
 z - 3 scrolls of fear {unknown}
 A - a scroll of immolation {unknown}
 B - a scroll of blinking {unknown}
 C - a scroll of amnesia {unknown}
Potions
 f - 2 potions of degeneration {unknown}
 i - a potion of curing {unknown}
 n - 3 potions of mutation {unknown}
 x - a potion of haste {unknown}
Books
 c - a book of Minor Magic

   Spells                             Type                      Level
   a - Magic Dart                     Conjuration                  1
   b - Blink                          Translocation                2
   c - Call Imp                       Summoning                    2
   d - Repel Missiles                 Charms/Air                   2
   e - Slow                           Hexes                        2
   f - Conjure Flame                  Conjuration/Fire             3
   g - Mephitic Cloud                 Conjuration/Poison/Air       3
Comestibles
 d - 6 bread rations
 q - 2 meat rations
 w - 3 beef jerkies


   Skills:
 + Level 2.0 Fighting
 + Level 3.8 Dodging
 + Level 4.2 Stealth
 * Level 6.5 Spellcasting
 + Level 2.9 Conjurations
 + Level 2.4 Hexes
 - Level 1.1 Summonings
 - Level 1.1 Translocations
 + Level 1.7 Air Magic
 + Level 2.0 Poison Magic


You had 4 spell levels left.
You knew the following spells:

 Your Spells              Type           Power        Failure   Level  Hunger
a - Magic Dart            Conj           ###.         1%          1    None
b - Call Imp              Summ           ##......     10%         2    None
c - Blink                 Tloc           N/A          10%         2    None
d - Repel Missiles        Chrm/Air       ##....       10%         2    None
e - Mephitic Cloud        Conj/Pois/Air  ###.....     12%         3    None
f - Conjure Flame         Conj/Fire      ###.....     12%         3    None
g - Slow                  Hex            ###.....     4%          2    None


Dungeon Overview and Level Annotations

Branches:
Dungeon (5/15)
 Temple: D:4-7

Altars:
Ashenzari
Dithmenos
Elyvilon
Gozag
Kikubaaqudgha
Ru
Yredelemnul


Message History

Press: ? - help, Shift-Dir - straight line The ball explodes into a vile cloud!
The stinking cloud engulfs something.
Something hits you. Something shocks you.
* * * LOW HITPOINT WARNING * * *
Casting: Mephitic Cloud
Confirm with . or Enter, or press ? or * to list all spells.
Aiming: Mephitic Cloud
Press: ? - help, Shift-Dir - straight line The ball explodes into a vile cloud!
The stinking cloud engulfs something.
Something barely misses you.
Casting: Mephitic Cloud
Confirm with . or Enter, or press ? or * to list all spells.
Aiming: Mephitic Cloud
Press: ? - help, Shift-Dir - straight line You miscast Mephitic Cloud.
You are very lightly contaminated with residual magic.
Nothing appears to happen.
Something hits you.
* * * LOW HITPOINT WARNING * * *
Something shocks you.
You die...

#.##.........##..###.#).....####
#.##.####....##.## ##......## #
#.##.# ##[#)#.## ##.....# #
#.##.#####.#)##.## ##..###.# #
#................###...# #.# #
####.####......§§§#....###.# #
#.# #.......§#.###.....# # #.#
#......{§#.# ##.#### # #.#
#......@>#.# #.# # #.##
#........#.####.# # #..#
#........#....#.# ##.#
####.##..####.#.# #.#
#.##..####.#.# #.#
#.##.........########
#.######.##.####............
#...........####..##########
########.#........##########


There were no monsters in sight!

Vanquished Creatures
  An ogre (D:3)
  A phantom (D:4)
  2 hounds (D:4)
  An orc priest (D:3)
  3 worker ants (D:4)
  3 gnolls (D:4)
  A howler monkey skeleton (D:4)
  4 adders
  An adder skeleton (D:4)
  2 worms
  A dart slug (D:1)
  3 leopard geckos
  8 orcs
  4 giant cockroaches
  9 hobgoblins
  13 jackals
  9 kobolds
  A quokka (D:2)
  2 ball pythons
  5 bats
  4 frilled lizards
  10 goblins
  A quokka skeleton (D:4)
  5 rats
94 creatures vanquished.

Vanquished Creatures (collateral kills)
  A howler monkey (D:5)
  A hound (D:4)
  A worker ant (D:5)
  3 adders (D:3)
  An orc (D:3)
  A kobold (D:3)
8 creatures vanquished.

Grand Total: 102 creatures vanquished

Notes
Turn   | Place    | Note
-------+----------+-------------------------------------------
     0 | D:1      | Mefis the Deep Elf Wizard began the quest for the Orb.
     0 | D:1      | Reached XP level 1. HP: 10/10 MP: 7/7
   377 | D:1      | Reached XP level 2. HP: 15/15 MP: 6/9
   381 | D:1      | Learned a level 2 spell: Call Imp
   384 | D:1      | Learned a level 2 spell: Blink
   387 | D:1      | Learned a level 2 spell: Repel Missiles
   516 | D:1      | Reached skill level 5 in Spellcasting
   926 | D:1      | Reached XP level 3. HP: 19/19 MP: 6/11
   931 | D:1      | Learned a level 3 spell: Mephitic Cloud
  1773 | D:2      | Found a basalt altar of Yredelemnul.
  1773 | D:2      | Found a shadowy altar of Dithmenos.
  2004 | D:2      | Found an opulent altar of Gozag.
  2064 | D:2      | Found a shattered altar of Ashenzari.
  2291 | D:2      | Reached XP level 4. HP: 24/24 MP: 5/13
  2300 | D:2      | Learned a level 3 spell: Conjure Flame
  2777 | D:3      | Found a sacrificial altar of Ru.
  2848 | D:3      | Reached skill level 1 in Fighting
  2913 | D:3      | Noticed an ogre
  2932 | D:3      | Killed an ogre
  2932 | D:3      | Reached skill level 6 in Spellcasting
  2932 | D:3      | Reached skill level 1 in Air Magic
  2932 | D:3      | Reached skill level 1 in Poison Magic
  2932 | D:3      | Reached XP level 5. HP: 20/29 MP: 2/15
  3006 | D:3      | Learned a level 2 spell: Slow
  3156 | D:3      | Found an ancient bone altar of Kikubaaqudgha.
  3357 | D:3      | Found a white marble altar of Elyvilon.
  3523 | D:4      | Reached skill level 1 in Hexes
  3818 | D:4      | Reached XP level 6. HP: 33/34 MP: 7/17
  4029 | D:5      | Entered Level 5 of the Dungeon
  5261 | D:5      | Reached XP level 7. HP: 39/39 MP: 3/18
  5488 | D:4      | Slain by a sky beast

Skill      XL: |  1  2  3  4  5  6  7 |
---------------+----------------------+-----
Spellcasting   | 5 6 |  6.5
Dodging        | 3 |  3.8
Stealth        | 3 4 |  4.2
Fighting       | 1 2 |  2.0
Conjurations   | 2 |  2.9
Air Magic      | 1 |  1.7
Poison Magic   | 1 2 |  2.0
Hexes          | 1 2 |  2.4
Summonings     | |  1.1
Translocations | |  1.1

Action                   |  1- 3 |  4- 6 |  7- 9 || total
-------------------------+-------+-------+-------++-------
Melee: Dagger            |     1 |    24 |       ||    25
 Cast: Magic Dart        |   115 |   198 |     1 ||   314
       Repel Missiles    |     1 |       |       ||     1
       Mephitic Cloud    |       |     8 |     3 ||    11
       Call Imp          |       |    14 |       ||    14
  Use: Scroll            |       |     1 |       ||     1
 Stab: Sleeping          |     1 |       |       ||     1
  Eat: Chunk             |     4 |     9 |       ||    13
Armor: Robe              |     6 |    14 |     1 ||    21
Dodge: Dodged            |    17 |    61 |     1 ||    79
